 Dungeon Crawl Stone Soup version 0.28-a0-556-gab23d0e057 (webtiles) character file.

Game seed: 7051331139819293359

3414 olmar the Basher (level 10, -5/63 HPs)
             Began as a Gargoyle Fighter on Sept 28, 2021.
             Was a Plaything of Xom.
             Shot with a bolt by an orc warrior (15 damage)
             ... in a bailey.
             The game lasted 00:17:30 (7904 turns).

olmar the Basher (Gargoyle Fighter)                 Turns: 7904, Time: 00:17:30

Health: -5/63      AC: 19    Str: 22    XL:     10   Next: 5%
Magic:  10/10      EV:  8    Int: 13    God:    Xom [.*....]
Gold:   896        SH:  5    Dex:  9    Spells: 9/9 levels left

rFire   . . .      SeeInvis .   x - +4 flail
rCold   . . .      Faith    .   c - +0 buckler
rNeg    + + .      Spirit   .   A - +0 chain mail
rPois   ∞          Reflect  .   (helmet restricted)
rElec   +          Harm     .   (no cloak)
rCorr   +          Rampage  .   q - +0 pair of gloves
Will    +....                   (no boots)
Stlth   ..........              f - amulet of Gofuxa {RegenMP +Blink rElec rN+ Int+5}
HPRegen 1.20/turn               h - ring of resist corrosion
MPRegen 0.37/turn               g - ring of wizardry

@: about to teleport, very slow
A: sickness immunity, AC +7, negative energy resistance 1, electricity
resistance, torment resistance 1, petrification resistance, antennae 1,
strong-willed 1, regeneration 1, weak 1
a: Renounce Religion, Evoke Blink


You were in a bailey.
You worshipped Xom.
You were a plaything of Xom.
You visited 2 branches of the dungeon, and saw 8 of its levels.
You also visited: Sewer and Bailey.

You collected 896 gold pieces.

Inventory:

Hand Weapons
 a - a +0 flail
 e - a +4 morningstar
 x - a +4 flail (weapon)
 y - a +0 flail of protection
 G - a +0 club
Missiles
 m - 4 silver javelins (quivered)
 n - 12 poisoned darts
Armour
 b - a +0 scale mail
 c - a +0 buckler (worn)
 q - a +0 pair of gloves (worn)
 A - a +0 chain mail (worn)
 E - +0 steam dragon scales
Jewellery
 f - the amulet of Gofuxa (around neck) {RegenMP +Blink rElec rN+ Int+5}
   (You acquired it on level 4 of the Dungeon)

   [amulet of magic regeneration]

   It increases your rate of magic regeneration.
   Int:       It affects your intelligence (+5).
   rElec:     It insulates you from electricity.
   rN:        It protects you from negative energy.
   +Blink:    It lets you blink.
 g - a ring of wizardry (right hand)
 h - a ring of resist corrosion (left hand)
Scrolls
 d - a scroll of holy word {unknown}
 i - 2 scrolls of identify
 j - 3 scrolls of immolation
 u - a scroll of fear {unknown}
 F - a scroll of enchant weapon {unknown}
Potions
 k - 4 potions of mutation
 v - a potion of magic


   Skills:
 + Level 7.2 Fighting
 + Level 10.2 Maces & Flails
 + Level 2.1 Throwing
 + Level 6.8 Armour
 - Level 1.5 Dodging
 - Level 0.5 Stealth
 + Level 5.6 Shields


You had 9 spell levels left.
You didn't know any spells.
Your spell library contained the following spells:

 Spells                   Type           Power      Damage    Failure   Level
 Pain                     Necr           0%         1d4       61%         1
 Passwall                 Tmut/Erth      0%         N/A       75%         2
 Swiftness                Air            0%         N/A       92%         3
 Agony                    Necr           0%         N/A       100%        5
 Excruciating Wounds      Necr           0%         N/A       100%        5
 Invisibility             Hex            0%         N/A       100%        6


Dungeon Overview and Level Annotations

Branches:
Dungeon (7/15)             Temple (1/1) D:5           Sewer (visited)
 Bailey (1/1)

Altars:
Ashenzari
Cheibriados
Dithmenos
Elyvilon
Fedhas
Gozag
Kikubaaqudgha
Makhleb
Nemelex Xobeh
Okawaru
Qazlal
Ru
Sif Muna
Trog
Uskayaw
Vehumet
Wu Jian
Xom
Yredelemnul
Zin

Shops:
D:2 :   D:4 :


Innate Abilities, Weirdness & Mutations

You are immune to sickness and miasma.
Your stone body is resilient. (AC +7)
You are immune to poison.
You resist negative energy. (rN+)
You are resistant to electric shocks. (rElec)
You are resistant to unholy torment.
You are immune to petrification.
You have a pair of small antennae on your head.
You are strong-willed. (Will+)
Your natural rate of healing is unusually fast.
You are weak. (Str -2)


Message History

The orc warrior hits you with a +0 glaive!
Unknown command.
You hit the orc warrior.
The orc warrior is heavily wounded.
The orc warrior hits you with a +0 glaive!
Unknown command.
You hit the orc warrior but do no damage.
The orc warrior is heavily wounded.
The orc warrior hits you but does no damage.
Unknown command.
You aren't carrying any items that you can evoke.
You enter the shallow water.
Moving in this stuff is going to be slow.
You block the orc warrior's attack.
The orc warrior hits you from afar with a +0 glaive.
The orc warrior hits you from afar with a +0 glaive.
There is a gate leading back out of this place here.
Really walk into that permanent teleport trap?
You enter a permanent teleport trap!
Your surroundings suddenly seem different.
Splash!
You fall into the shallow water.
Moving in this stuff is going to be slow.
The orc warrior shouts!
The orc warrior shoots a bolt.
The bolt hits you!
The orc warrior shoots a bolt.
The bolt hits you.
Things that are here:
a +0 arbalest; 23 bolts; a +0 scale mail Unknown command.
Okay, then.
As you read the scroll of teleportation, it crumbles to dust.
You feel strangely unstable.
The orc warrior shoots a bolt.
The bolt hits you!!
* * * LOW HITPOINT WARNING * * *
Unknown command.
Okay, then.
As you read the scroll of fog, it crumbles to dust.
The scroll dissolves into smoke.
The orc warrior shoots a bolt.
The bolt hits you!
You die...
Xom is highly amused!

#......≈..^..≈≈≈≈≈≈≈≈≈≈≈
#......≈##.∩#≈≈≈≈≈≈≈≈≈≈≈
#......≈≈#.#≈≈≈≈≈≈≈≈###≈
#......≈≈≈≈≈≈≈≈≈≈###**##
#......≈≈≈≈≈≈≈≈≈##≈≈≈≈≈≈
#......≈o≈)≈≈≈≈##≈≈*+*+*
#.....§))§≈≈≈≈≈#≈≈**,*,*
#.....§§§≈≈≈≈≈##≈*** ***
#.....§@§≈≈≈≈≈#* +,*,,,*
#....§§§§≈≈≈≈≈#*≈*** 8,#
#....§)≈≈≈≈≈≈≈#*≈+,*,,,#
#......≈≈≈≈≈≈≈##≈****+*#
#......≈≈≈≈≈≈≈≈#≈≈**∩,∩*
#......≈≈≈≈≈≈≈≈##≈≈*+++*
#......≈≈≈≈≈≈≈≈≈##≈≈≈≈≈*
#......≈≈≈≈≈≈≈≈≈≈##≈≈≈≈*
#....).≈≈#.#≈≈≈≈≈)######


You could see an orc warrior.

Vanquished Creatures
  A wyvern (D:6)
  A steam dragon (D:6)
  Edmund (D:5)
  A water moccasin (D:6)
  3 orc warriors (Bailey)
  2 ice beasts
  A black bear (D:6)
  2 necrophages
  Purgy (Sewer)
  2 sky beasts
  3 ogres
  A centaur (D:6)
  Blork the orc (D:4)
  A kobold brigand (D:7)
  A wyvern skeleton (D:3)
  2 water moccasin zombies
  8 wights
  4 howler monkeys
  A bullfrog skeleton (D:5)
  A centaur skeleton (D:5)
  4 hounds
  2 jellies (D:6)
  A human zombie (D:5)
  2 iguanas (D:6)
  A scorpion zombie (D:5)
  An orc wizard (D:5)
  A killer bee zombie (D:6)
  A hound zombie (D:5)
  3 mummies (D:5)
  A howler monkey zombie (D:5)
  7 adders
  A white imp (D:5)
  An ufetubus (D:4)
  2 worms (D:4)
  5 dart slugs
  19 orcs
  4 ball pythons
  7 endoplasms
  6 giant cockroaches
  9 goblins
  8 hobgoblins
  11 jackals
  2 quokkas
  4 bats
  5 frilled lizards
  14 kobolds
  5 rats
165 creatures vanquished.

Vanquished Creatures (collateral kills)
  An orc warrior (Bailey)
  A bullfrog (D:6)
2 creatures vanquished.

Grand Total: 167 creatures vanquished

Notes
Turn   | Place    | Note
-------+----------+-------------------------------------------
     0 | D:1      | olmar the Gargoyle Fighter began the quest for the Orb.
     0 | D:1      | Reached XP level 1. HP: 14/14 MP: 1/1
   173 | D:1      | Reached XP level 2. HP: 19/19 MP: 2/2
   189 | D:1      | Found a faded altar of an unknown god.
  1117 | D:1      | Reached XP level 3. HP: 24/24 MP: 3/3
  1296 | D:2      | Found Enitoipti's Book Emporium.
  2758 | D:3      | Found a glowing silver altar of Zin.
  2852 | D:3      | Reached XP level 4. HP: 29/29 MP: 4/4
  3081 | D:3      | Reached skill level 3 in Maces & Flails
  3440 | D:3      | Gained mutation: You are strong-willed. (Will+) [potion of
                  | mutation]
  3440 | D:3      | Gained mutation: You are weak. (Str -2) [potion of
                  | mutation]
  3440 | D:3      | Gained mutation: You have a pair of small antennae on your
                  | head. [potion of mutation]
  3440 | D:3      | Gained mutation: Your natural rate of healing is unusually
                  | fast. [potion of mutation]
  3445 | D:3      | Reached XP level 5. HP: 33/33 MP: 5/5
  3870 | D:4      | Identified a scroll of acquirement
  3870 | D:4      | Acquired the amulet of Gofuxa {RegenMP +Blink rElec rN+
                  | Int+5}
  3888 | D:4      | Noticed a necrophage
  3909 | D:4      | Killed a necrophage
  3910 | D:4      | Reached skill level 4 in Maces & Flails
  3910 | D:4      | Reached skill level 1 in Dodging
  3910 | D:4      | Reached XP level 6. HP: 39/39 MP: 6/6
  3947 | D:4      | Noticed Blork the orc
  3971 | D:4      | Killed Blork the orc
  3973 | D:4      | Reached XP level 7. HP: 22/44 MP: 7/7
  4055 | D:4      | Reached skill level 5 in Maces & Flails
  4126 | D:4      | Found Boallys's Self-Improvement Boutique.
  4328 | D:4      | Found a glowing drain.
  4340 | Sewer    | Entered a sewer
  4419 | Sewer    | Noticed Purgy
  4427 | Sewer    | Killed Purgy
  4728 | D:5      | Entered Level 5 of the Dungeon
  4833 | D:5      | Reached skill level 5 in Fighting
  5048 | D:5      | Reached skill level 6 in Maces & Flails
  5091 | D:5      | Reached XP level 8. HP: 41/49 MP: 8/8
  5097 | D:5      | Found a basalt altar of Yredelemnul.
  5124 | D:5      | Reached skill level 5 in Armour
  5225 | D:5      | Reached skill level 7 in Maces & Flails
  5232 | D:5      | Found a staircase to the Ecumenical Temple.
  5252 | Temple   | Entered the Ecumenical Temple
  5384 | Temple   | Became a worshipper of Xom of Bone-Dry Humour
  5515 | D:5      | XOM: silly message
  5650 | D:5      | Noticed Edmund
  5698 | D:5      | Killed Edmund
  5705 | D:5      | XOM: silly message
  5717 | D:5      | Found a sparkling altar of Nemelex Xobeh.
  5759 | D:5      | XOM: silly message
  5773 | D:5      | Found a broken altar of Ashenzari.
  5942 | D:6      | Noticed a wyvern
  5954 | D:6      | Killed a wyvern
  5955 | D:6      | Reached skill level 8 in Maces & Flails
  5993 | D:6      | XOM: divination: magic mapping
  6180 | D:6      | Reached XP level 9. HP: 56/56 MP: 9/9
  6353 | D:6      | Reached skill level 5 in Shields
  6462 | D:6      | XOM: scenery: create altars
  6467 | D:6      | Reached skill level 9 in Maces & Flails
  6478 | D:6      | XOM: cast spell 'Necromutation'
  6479 | D:6      | XOM: god gift: book of Pain
  6489 | D:6      | Reached skill level 1 in Throwing
  6578 | D:6      | XOM: summons friendly chaos spawn
  6939 | D:7      | XOM: noise
  6972 | D:7      | XOM: butterfly on damage
  7023 | D:7      | XOM: 7-stop teleportation journey
  7097 | D:7      | XOM: 1-stop teleportation journey
  7131 | D:7      | XOM is BORED!
  7131 | D:7      | XOM: noise
  7139 | D:7      | Found a flagged portal.
  7142 | D:7      | Reached skill level 10 in Maces & Flails
  7153 | Bailey   | Entered a bailey
  7179 | Bailey   | XOM: divination: magic mapping
  7193 | Bailey   | XOM: god gift: 643 gold pieces
  7299 | Bailey   | XOM: scenery: create altars
  7457 | Bailey   | Reached XP level 10. HP: 32/63 MP: 10/10
  7710 | Bailey   | XOM: summons 2 friendly demons
  7769 | Bailey   | XOM: cloud trail
  7791 | Bailey   | HP: 2/63 [orc warrior/bolt (10)]
  7904 | Bailey   | Shot with a bolt by an orc warrior

Illustrated notes

Levels and vault maps discovered:
D:1:      lightli_arrival_statue_moat, layout_rooms,
          hellmonk_ecumenical_altar_blasted
D:2:      layout_basic, serial_shops, shop_fountains
D:3:      wad_crossroads, layout_basic, zin_treasury, minmay_misc_feat_tower
D:4:      layout_cave_pools, gup_sewer_entry_bubbles, nicolae_shop_self_help,
          uniq_blork_the_orc
D:5:      layout_loops_ring, lemuel_mausoleum_altar_yredelemnul,
          mainiacjoe_overflow_large_starburst, temple_fountains,
          item_on_display_a, uniq_edmund
D:6:      layout_basic, minmay_misc_feat_ornament
D:7:      layout_basic, biasface_ghost_orc_armoury, enter_bailey_3
Temple:   lightli_temple_of_artemis
Bailey:   bailey_polearm_2, bailey

Skill      XL: |  1  2  3  4  5  6  7  8  9 10 |
---------------+-------------------------------+-----
Fighting       | 4 5 6 7 |  7.2
Maces & Flails | 3 4 6 8 10 | 10.2
Armour         | 4 5 6 |  6.8
Dodging        | 1 |  1.5
Shields        | 4 5 |  5.6
Throwing       | 1 2 |  2.1
Stealth        | |  0.5

Action                   |  1- 3 |  4- 6 |  7- 9 | 10-12 || total
-------------------------+-------+-------+-------+-------++-------
Melee: Flail             |   122 |   114 |   466 |    36 ||   738
Throw: Javelin           |       |     2 |     6 |       ||     8
       Dart              |       |       |    22 |       ||    22
 Abil: Evoke Blink       |       |       |     1 |       ||     1
  Use: Potion            |     1 |     7 |    10 |       ||    18
       Scroll            |       |     4 |     3 |     5 ||    12
Armor: Scale mail        |    80 |    61 |   103 |       ||   244
       Skin              |       |    27 |    20 |     1 ||    48
       Chain mail        |       |       |   156 |    24 ||   180
Dodge: Dodged            |    57 |    49 |   194 |    16 ||   316
Block: Buckler           |    26 |    27 |    88 |    14 ||   155

Table legend: (Time is in decaauts)
 A = Elapsed time spent in this place.
 B = Non-inter-level travel time spent in this place.
 C = Inter-level travel time spent in this place.
 D = Time resting spent in this place.
 E = Time spent auto-exploring this place.
 F = Levels seen in this place.
 G = Mean time per level.
                   A        B        C        D        E       F      G
               +--------+--------+--------+--------+--------+-----+--------+
         Total |   8048 |   7737 |    311 |   1782 |   4004 |  10 |  804.8 |
       Dungeon |   6956 |   6691 |    265 |   1467 |   3755 |   7 |  993.7 |
        Temple |    143 |     97 |     46 |      0 |     70 |   1 |  143.0 |
         Sewer |    166 |    166 |      0 |      0 |     99 |   1 |  166.0 |
        Bailey |    781 |    781 |      0 |    314 |     80 |   1 |  781.0 |
               +--------+--------+--------+--------+--------+-----+--------+

Top non-repeatable levels by time:
     D:2: 1663 daAuts
     D:3: 1259 daAuts
     D:5: 1052 daAuts
     D:1: 1000 daAuts
     D:6: 992 daAuts
  Bailey: 781 daAuts
     D:4: 771 daAuts
     D:7: 216 daAuts
   Sewer: 166 daAuts
  Temple: 143 daAuts
